TKirby, chaotic male elven Wizard -------- ------- |.......####|.F@%.-#### -------- |......| #|..>..| # |....... |......| #|.....| ### #.......|# |.......# #---|--- # #|......|# ------|-# ### ###### ### #--------# ## # ### # # #### # # # # ## # # ### # ### # # # # # # ### # ## ## # # # # #----------|-- # # ### # #|...........| # # ------# #|...(.......| # # |....|# #|...........| # # |{...-# #............| # -|-------- |...<| ------------- # |.>......| |....-########################-........| ---.-- ---------- # TKirby the Conjurer Experience level: 3 Strength: 10 Dexterity: 15 Constitution: 10 Intelligence: 20 Wisdom: 12 Charisma: 9 Health: 19(26) Energy: 24(34) Def: 1 Gold: 229 Moves: 781 Dungeon seed: UpZ3f8V2SSecLS1z Game ID: TKirby_1506965492 Your Inventory: Coins $ - 229 gold pieces Weapons a - a blessed +1 quarterstaff (weapon in hands) Armor e - an uncursed +0 cloak of magic resistance (being worn) q - an uncursed +0 pair of leather gloves Comestibles t - an uncursed tin of jackal meat u - 2 uncursed food rations Scrolls i - an uncursed scroll of punishment j - an uncursed scroll of taming k - an uncursed scroll of identify Spellbooks l - a blessed spellbook of force bolt m - an uncursed spellbook of create monster Potions f - a blessed potion of healing g - an uncursed potion of healing h - 2 blessed potions of gain energy r - an uncursed potion of water s - an uncursed potion of see invisible Rings c - an uncursed +1 ring of gain constitution d - an uncursed +2 ring of increase damage Wands b - a wand of sleep (0:6) y - a wand of polymorph (0:5) Tools n - a magic marker (0:53) o - an uncursed blindfold p - an uncursed leather drum Spells and supernatural/magical abilities: Name Level Category Fail Memory a - force bolt 1 attack 0% 97% O - create monster 2 clerical 39% 97% W - pray for help -- divine ? -- Your skills at the end: Fighting Skills Weapon Skills quarterstaff [Basic] Spellcasting Skills attack spells [Basic] enchantment spells [Basic] Final Attributes: You were stridently aligned. You were magic-protected. You had infravision. You were unlucky. You survived. Vanquished creatures: a kitten 3 jackals 2 kobolds 3 goblins a grid bug a bat 3 lichens 3 newts 17 creatures vanquished. Voluntary challenges: You were an atheist. You used a wielded weapon 9 times, starting on turn 147. You were illiterate. You never genocided any monsters. You never polymorphed an object. You never changed form. You used no wishes. You never split a pudding. You never wrote Elbereth's name. You violated your moral code, losing 15 points of alignment, starting on turn 780. Dungeon overview: The Dungeons of Doom: levels 1 to 2 Level 1 a long staircase Level 2 <- You were here a fountain a long staircase History has recorded: On T:1 you entered the Dungeons of Doom to retrieve the Amulet of Yendor! On T:369 you advanced to experience level 2. On T:386 you reached level 2 of The Dungeons of Doom. On T:780 you advanced to experience level 3. Score breakdown: Gold: 229 ( 8033 points) Experience: 3 levels ( 7878 points) Exploration: 2 levels ( 4.17%) ( 4375 points) Discoveries: 0 items ( 0.00%) ( 0 points) Valuables value: (no points given unless you survive) Artifact value: 0 ( 0 points) Variety of kills: 8 monsters ( 2.10%) ( 4347 points) Turncount: 781 turns ( 0 points) Survival: quit (score multiplied by 90%) Total score: 22169 Latest messages: Maple misses the bat. You miss the bat. The bat bites! Maple misses the bat. The bat bites! You kill the bat! You displace maple. You see here a large box. Hmmm, it seems to be locked. The door resists! The door opens. You displace maple. You miss the yellow mold. You stagger... Maple misses the yellow mold. Maple staggers... Maple misses the yellow mold. The spell hits maple! You kill poor maple! Welcome to experience level 3. You hear the rumble of distant thunder... You feel a bit steadier now. Final status: Goodbye TKirby the Wizard, quit... You quit in The Dungeons of Doom on dungeon level 2 with 22169 points, and 229 pieces of gold, after 781 moves. You were level 3 with a maximum of 26 hit points when you quit.